Workbook

Sheet Janeiro
A5: Entidade: | B5: COMUNIDADE CASA ESPERANÇA E VIDA - CCEV | F5: SUBVENÇAO - LEI 1810 de 06/12/2019
A6: Mês de Referência | C6: DEZEMBRO | F6: Recurso: | G6: MUNICIPAL
F7: Ano: | G7: 2020
A9: Conciliação Bancária | F9: Saldo no Extrato: | H9: 49.03
A10: Conta:
A11: 11186-4
A12: Cheques emitidos e não processados no mês | E12: Taquarituba 11 de janeiro de 2021
A13: Cheque nº | B13: Valor
A14: 850894 | B14: 49.03
D15: Entidade: | E15: COMUNIDADE CASA ESPERANÇA E VIDA
D17: Assinatura
E18: Soledade do C.Macedo dos Santos
A19: Total | B19: =SUM(B14:B18) -> 49.03 | E19: Coordenadora da Entidade

Sheet Fevereiro
A5: Entidade: | B5: =Janeiro!B5 -> COMUNIDADE CASA ESPERANÇA E VIDA - CCEV | F5: SUBVENÇAO - LEI 1810 de 06/12/2019
A6: Mês de Referência | C6: FEVEREIRO | F6: Recurso: | G6: =Janeiro!G6 -> MUNICIPAL
F7: Ano: | G7: 2020
A8: Dia / Mês | B8: Credor | C8: CNPJ | D8: Discriminação | E8: Documento NF / RPA | F8: Valor Receita | G8: Valor Despesa | H8: Saldo | I8: Nº Cheque
A9: 43862 | B9: Saldo do mês anterior | H9: 0
A10: 43868 | B10: Transfêrencia de recursos | D10: 43831 | F10: 1750 | H10: 1750
A11: 43871 | B11: Energia Elétrica | C11: 53.859112/0001-69 | D11: 43831 | E11: 10183939 | G11: 58.23 | H11: 1691.77 | I11: 850833
A12: 43871 | B12: Agua e Esgoto | C12: 43.776.517/0001-80 | D12: 43831 | E12: 03917716/17 | G12: 47.42 | H12: 1644.35 | I12: 850834
A13: 43871 | B13: Encargos sociais- INSS | C13: MPAS | D13: 43831 | E13: 2305 | G13: 170 | H13: 1474.35 | I13: 850835
A14: 43873 | B14: Psicóloga | C14: 302.596.388/38 | D14: 43831 | E14: 229 | G14: 500 | H14: 974.35 | I14: 850832
A15: 43875 | B15: faxineira | C15: 268.948.768-35 | D15: 43831 | E15: 229 | G15: 180 | H15: 794.35 | I15: 850831
A16: 43878 | B16: aluguel - casa Entidade | C16: 095.795.328-34 | D16: 43831 | E16: 1 | G16: 780 | H16: 14.35 | I16: 850836
A17: TOTAL | B17: *** | C17: *** | D17: TOTAL NO MÊS | F17: 1750 | G17: 1735.65 | H17: 14.35
F18: Receita | G18: Despesa | H18: Saldo a Transportar
B20: CONCILIAÇÃO BANCÁRIA | F20: Saldo no Extrato: | H20: 14.35
A21: Conta: | B21: 11.186-4
A22: Cheques emitidos e não processados no mês
A23: Cheque nº | B23: valor
E24: TAQUARITUBA, 03 de março de 2020
D28: Entidade: | E28: =B5 -> COMUNIDADE CASA ESPERANÇA E VIDA - CCEV
A29: TOTAL
E31: Soledade do C.Macedo dos Santos
E32: Presidente da Entidade

Sheet Março
A5: Entidade: | B5: =Janeiro!B5 -> COMUNIDADE CASA ESPERANÇA E VIDA - CCEV | F5: SUBVENÇAO - LEI 1810 de 06/12/2019
A6: Mês de Referência | C6: MARÇO | F6: Recurso: | G6: =Janeiro!G6 -> MUNICIPAL
F7: Ano: | G7: 2020
A8: Dia / Mês | B8: Credor | C8: CNPJ | D8: Discriminação | E8: Documento NF / RPA | F8: Valor Receita | G8: Valor Despesa | H8: Saldo | I8: Nº Cheque
A9: 43525 | B9: Saldo do mês anterior | H9: 14.35
A10: 43899 | B10: Transfêrencia de recursos | D10: 43862 | F10: 1750 | H10: 1764.35
A11: 43906 | B11: Encargos sociais- INSS | C11: MPAS | D11: 43862 | G11: 170 | I11: 850840
A12: 43906 | B12: Txfiber Telecom | C12: 04.667.117/0001-02 | D12: 43862 | G12: 44.9 | I12: 850841
A13: 43906 | B13: Agua e Esgoto | C13: 43.776.517/0001-80 | D13: 43862 | G13: 47.42 | H13: 1502.03 | I13: 850842
A14: 43907 | B14: aluguel - casa Entidade | C14: 095.795.328-34 | D14: 43862 | G14: 780 | H14: 722.03 | I14: 850837
A15: 43909 | B15: Psicóloga | C15: 302.596.388/38 | D15: 43862 | G15: 500 | H15: 222.03 | I15: 850838
A16: 43909 | B16: Faxineira | C16: 268.948.768-35 | D16: 43862 | G16: 180 | H16: 42.03 | I16: 850939
A17: TOTAL | B17: *** | C17: *** | D17: TOTAL NO MÊS | F17: =SUM(F9:F16) -> 1750 | G17: =SUM(G9:G16) -> 1722.32 | H17: =F17-G17+H9 -> 42.03
F18: Receita | G18: Despesa | H18: Saldo a Transportar
A20: Conciliação Bancária | F20: Saldo no Extrato: | H20: =H17+B33 -> 42.03
A21: Conta:
A22: Cheques emitidos e não processados no mês
A23: Cheque nº | B23: Valor
E24: Taquarituba, 25 de junho de 2020
D28: Entidade: | E28: =B5 -> COMUNIDADE CASA ESPERANÇA E VIDA - CCEV
D31: Assinatura
E32: Soledade do C.Macedo dos Santos
A33: Total | B33: =SUM(B24:B32) -> 0 | E33: Coordenadora Geral

Sheet Abril
A5: Entidade: | B5: =Janeiro!B5 -> COMUNIDADE CASA ESPERANÇA E VIDA - CCEV | F5: SUBVENÇAO - LEI 1810 de 06/12/2019
A6: Mês de Referência | C6: ABRIL | F6: Recurso: | G6: =Janeiro!G6 -> MUNICIPAL
F7: Ano: | G7: 2020
A8: Dia / Mês | B8: Credor | C8: CNPJ | D8: Discriminação | E8: Documento NF / RPA | F8: Valor Receita | G8: Valor Despesa | H8: Saldo | I8: Nº Cheque
A9: 40634 | B9: Saldo do mês anterior | H9: 42.03
A11: 43936 | B11: transferencia de recurso referente ao mês de março/2020 | F11: 1750 | H11: 1750
B13: A Entidade encontra-se aguardando o registro da ATA
B14: com mandato de 01/04/2020 até 31/03/2023
A16: TOTAL | B16: *** | C16: *** | D16: TOTAL NO MÊS | F16: =SUM(F9:F15) -> 1750 | G16: =SUM(G9:G15) -> 0 | H16: 1792.03
F17: Receita | G17: Despesa | H17: Saldo a Transportar
A19: Conciliação Bancária | F19: Saldo no Extrato: | H19: 1792.03
A20: Conta: | B20: 11.186-4
A21: Cheques emitidos e não processados no mês
A22: Cheque nº | B22: Valor
E23: Taquarituba, 15 de maio de 2020
D26: Entidade: | E26: =B5 -> COMUNIDADE CASA ESPERANÇA E VIDA - CCEV
D29: Assinatura
E30: Soledade do C.Macedo dos Santos
A31: Total | B31: =SUM(B23:B30) -> 0 | E31: Coordenadora da Entidade

Sheet Maio
A5: Entidade: | B5: =Janeiro!B5 -> COMUNIDADE CASA ESPERANÇA E VIDA - CCEV | F5: SUBVENÇAO - LEI 1810 de 06/12/2019
A6: Mês de Referência | C6: MAIO | F6: Recurso: | G6: =Janeiro!G6 -> MUNICIPAL
F7: Ano: | G7: 2020
A8: Dia / Mês | B8: Credor | C8: CNPJ | D8: Discriminação | E8: Documento NF / RPA | F8: Valor Receita | G8: Valor Despesa | H8: Saldo | I8: Nº Cheque
A9: 43954 | B9: Saldo do mês anterior | H9: 1792.03
B13: A Entidade encontra-se aguardando o registro da ATA
B14: com mandato de 01/04/2020 até 31/03/2023
A15: TOTAL | B15: *** | C15: *** | D15: TOTAL NO MÊS | F15: =SUM(F9:F14) -> 0 | G15: =SUM(G9:G14) -> 0 | H15: 1792.03
F16: Receita | G16: Despesa | H16: Saldo a Transportar
A18: Conciliação Bancária | F18: Saldo no Extrato: | H18: 1792.03
A19: Conta:
A20: Cheques emitidos e não processados no mês
A21: Cheque nº | B21: Valor
E22: Taquarituba, 15 de junho de 2020
D25: Entidade: | E25: =B5 -> COMUNIDADE CASA ESPERANÇA E VIDA - CCEV
D28: Assinatura
E29: Soledade do C.Macedo dos Santos
A30: Total | B30: =SUM(B22:B29) -> 0 | E30: Coordenadora da Entidade

Sheet Junho
A5: Entidade: | B5: =Janeiro!B5 -> COMUNIDADE CASA ESPERANÇA E VIDA - CCEV | F5: SUBVENÇAO - LEI 1810 de 06/12/2019
A6: Mês de Referência | C6: JUNHO | F6: Recurso: | G6: =Janeiro!G6 -> MUNICIPAL
F7: Ano: | G7: 2020
A8: Dia / Mês | B8: Credor | C8: CNPJ | D8: Discriminação | E8: Documento NF / RPA | F8: Valor Receita | G8: Valor Despesa | H8: Saldo | I8: Nº Cheque
A9: 43983 | B9: Saldo do mês anterior | H9: =Maio!H15 -> 1792.03
A10: 43986 | B10: Transfêrencia de recursos referente ao mês de abril/20 | F10: 1750 | H10: 3542.03
A11: 44001 | B11: Transfêrencia de recursos referente ao mês de maio/20 | F11: 1750 | H11: 5292.03
A12: 44007 | B12: aluguel - casa Entidade | C12: 095.795.328-34 | D12: ref.aos meses:03,04 e 05/2020 | G12: 2340 | I12: 850843
A13: 44007 | B13: Agua e Esgoto | C13: 43.776.517/0001-80 | D13: 43952 | G13: 47.42 | I13: 850844
A14: 44007 | B14: Txfiber Telecom | C14: 04.667.117/0001-02 | D14: 43922 | G14: 44.9 | I14: 850845
A15: 44007 | B15: Encargos sociais- INSS | C15: MPAS | D15: 43891 | G15: 170 | H15: 2689.71 | I15: 850846
A16: 44008 | B16: Psicóloga | C16: 302.596.388/38 | D16: ref.aos meses:03,04 e 05/2020 | G16: 1500 | H16: 1189.71 | I16: 850847
A17: 44008 | B17: Faxineira | C17: 268.948.768-35 | D17: ref.aos meses:03,04 e 05/2020 | G17: 540 | H17: 649.71 | I17: 840848
A18: 44008 | B18: Encargos sociais- INSS | C18: MPAS | D18: 43922 | G18: 170 | H18: 479.71 | I18: 850849
A19: 44008 | B19: Agua e Esgoto | C19: 43.776.517/0001-80 | D19: 43983 | G19: 47.42 | I19: 850850
A20: 44008 | B20: Txfiber Telecom | C20: 04.667.117/0001-02 | D20: 43952 | G20: 44.9 | I20: 850851
A21: 44008 | B21: Energia Elétrica | C21: 53.859112/0001-69 | D21: ref.aos meses:03e04/20 | G21: 56.43 | I21: 850852
A22: 44008 | B22: Txfiber Telecom | C22: 04.667.117/0001-02 | D22: 43983 | G22: 44.9 | H22: 286.06 | I22: 850853
A23: 44008 | B23: Encargos sociais- INSS | C23: MPAS | D23: 43952 | G23: 170 | H23: 116.06 | I23: 850854
A24: TOTAL | B24: *** | C24: *** | D24: TOTAL NO MÊS | F24: =SUM(F9:F23) -> 3500 | G24: 5175.97 | H24: 116.06
F25: Receita | G25: Despesa | H25: Saldo a Transportar
A26: Conciliação Bancária | F26: Saldo no Extrato: | H26: 116.06
A27: Cheques emitidos e não processados no mês
A28: Cheque nº | B28: Valor
E29: Taquarituba, 06 de julho de 2020
D31: Entidade: | E31: =B5 -> COMUNIDADE CASA ESPERANÇA E VIDA - CCEV
D33: Assinatura
E34: Soledade do C.Macedo dos Santos
A35: Total | B35: =SUM(B29:B34) -> 0 | E35: Coordenadora da Entidade

Sheet julho novo
A5: Entidade: | B5: =Janeiro!B5 -> COMUNIDADE CASA ESPERANÇA E VIDA - CCEV | F5: SUBVENÇAO - LEI 1810 de 06/12/2019
A6: Mês de Referência | C6: JULHO | F6: Recurso: | G6: =Janeiro!G6 -> MUNICIPAL
F7: Ano: | G7: 2020
A8: Dia / Mês | B8: Credor | C8: CNPJ | D8: Discriminação | E8: Documento NF / RPA | F8: Valor Receita | G8: Valor Despesa | H8: Saldo | I8: Nº Cheque
A9: 43647 | B9: Saldo do mês anterior | H9: 116.06
A10: 44020 | B10: Transfêrencia de recursos referente ao mês de jun/2020 | F10: 1750 | H10: 1866.06
A11: 44029 | B11: Agua e Esgoto | C11: 43.776.517/0001-80 | D11: 44013 | G11: 47.42 | H11: 1818.64 | I11: 850860
A12: 44032 | B12: faxineira | C12: 268.948.768-35 | D12: 43983 | E12: 229 | G12: 180 | H12: 1638.64 | I12: 850859
A13: 44039 | B13: Aluguel Casa Entidade | C13: 095.795.328-34 | D13: 43983 | G13: 780 | H13: 858.64 | I13: 850857
A14: 44040 | B14: Txfiber Telecom | C14: 04.667.117/0001-02 | D14: 44013 | E14: 19/603876-8 | G14: 44.9 | H14: 813.74 | I14: 850855
A15: 44043 | B15: Encargos sociais- INSS | C15: MPAS | D15: 43983 | G15: 170 | H15: 643.74 | I15: 850856
A16: TOTAL | B16: *** | C16: *** | D16: TOTAL NO MÊS | F16: =SUM(F9:F15) -> 1750 | G16: 1222.32 | H16: 643.74
F17: Receita | G17: Despesa | H17: Saldo a Transportar | I17: .
A19: Conciliação Bancária | F19: Saldo no Extrato: | H19: 643.74
A20: Conta:
A21: Cheques emitidos e não processados no mês
A22: Cheque nº | B22: Valor
E23: Taquarituba, 04 de setembro de 2020
D25: Entidade: | E25: =B5 -> COMUNIDADE CASA ESPERANÇA E VIDA - CCEV
D28: Assinatura
E29: Soledade do C.Macedo dos Santos
A30: Total | B30: =SUM(B23:B29) -> 0 | E30: Coordenadora da Entidade

Sheet Agosto
B1: 153
A5: Entidade: | B5: =Janeiro!B5 -> COMUNIDADE CASA ESPERANÇA E VIDA - CCEV | F5: SUBVENÇAO - LEI 1810 de 06/12/2019
A6: Mês de Referência | C6: AGOSTO | F6: Recurso: | G6: =Janeiro!G6 -> MUNICIPAL
F7: ANO | G7: 2020
A8: Dia / Mês | B8: Credor | C8: CNPJ | D8: Discriminação | E8: Documento NF / RPA | F8: Valor Receita | G8: Valor Despesa | H8: Saldo | I8: Nº Cheque
A9: 44044 | B9: Saldo do mês anterior | H9: 643.74
A10: 44046 | B10: Psicologa | C10: 302.596.388/38 | D10: 43983 | E10: 229 | G10: 500 | H10: 143.74 | I10: 850858
A11: 44046 | B11: Energia Elétrica | C11: 53.859112/0001-69 | D11: ref.aos meses:05e06/20 | G11: 55.78 | H11: 87.96 | I11: 850861
A12: 44055 | B12: Transferencia de recursos referente ao mês de julho | F12: 1750 | H12: 1837.96
A13: 44064 | B13: Sabesp | C13: 43.776.517/0001-80 | D13: 44044 | G13: 47.42 | H13: 1790.54 | I13: 850864
A14: 44064 | B14: Txfiber Telecom | C14: 04.667.117/0001-02 | D14: 44044 | E14: 19/603875-0 | G14: 44.9 | H14: 1745.64 | I14: 850868
A15: 44067 | B15: Faxineira | C15: 268.948.768-35 | D15: 44013 | E15: 229 | G15: 180 | H15: 1565.64 | I15: 850866
A16: 44067 | B16: Psicologa | C16: 302.596.388/38 | D16: 44013 | E16: 229 | G16: 500 | H16: 1065.64 | I16: 850867
A17: 44067 | B17: Aluguel Casa Entidade | C17: 095.795.328-34 | D17: 44013 | G17: 780 | H17: 285.64 | I17: 850865
A18: 44068 | B18: Energia Elétrica | C18: 53.859112/0001-69 | D18: ref.aos meses:07e08/20 | G18: 55.26 | H18: 230.38 | I18: 850862
A19: 44074 | B19: Encargos sociais- INSS | C19: MPAS | D19: 44013 | G19: 170 | H19: 60.38 | I19: 850863
A20: TOTAL | B20: º 850790 | C20: *** | D20: TOTAL NO MÊS | F20: =SUM(F9:F19) -> 1750 | G20: 2333.36
F21: Receita | G21: Despesa | H21: Saldo a Transportar
A23: Conciliação Bancária | F23: Saldo no Extrato: | H23: 60.38
A24: Conta: | B24: =Fevereiro!#REF! -> #REF!
A25: Cheques emitidos e não processados no mês
A26: Cheque nº | B26: Valor
E27: Taquarituba, 15 de setembro de 2020
D30: Entidade: | E30: =B5 -> COMUNIDADE CASA ESPERANÇA E VIDA - CCEV
D33: Assinatura
E34: Soledade do C.Macedo dos Santos
A35: Total | E35: Coordenadora da Entidade

Sheet Setembro
A5: Entidade: | B5: =Janeiro!B5 -> COMUNIDADE CASA ESPERANÇA E VIDA - CCEV | F5: SUBVENÇAO - LEI 1810 de 06/12/2019
A6: Mês de Referência | C6: SETEMBRO | F6: Recurso: | G6: =Janeiro!G6 -> MUNICIPAL
F7: Ano: | G7: 2020
A8: Dia / Mês | B8: Credor | C8: CNPJ | D8: Discriminação | E8: Documento NF / RPA | F8: Valor Receita | G8: Valor Despesa | H8: Saldo | I8: Nº Cheque
A9: 44077 | B9: Saldo do mês anterior | H9: 60.38
A10: 44083 | B10: Transferencia de recursos referente ao mês agosto/19 | F10: 1750 | H10: 1810.38
A11: 44091 | B11: Txfiber Telecom | C11: 04.667.117/0001-02 | D11: 44075 | E11: 18/360480-8 | G11: 44.9 | H11: 1765.48 | I11: 850869
A12: 44095 | B12: Faxineira | C12: 268.948.768-35 | D12: 44044 | E12: 227 | G12: 180 | H12: 450.82 | I12: 850872
A13: 44097 | B13: Sabesp | C13: 43.776.517/0001-80 | D13: 44044 | G13: 48.92 | H13: 1536.56 | I13: 850874
A14: 44099 | B14: Aluguel Casa Entidade | C14: 095.795.328-34 | D14: 44044 | G14: 780 | I14: 850871
A15: 44104 | B15: Psicologa | C15: 302.596.388/38 | D15: 44044 | E15: 227 | G15: 500 | H15: 256.56 | I15: 850873
A16: TOTAL | B16: *** | C16: *** | D16: TOTAL NO MÊS | F16: =SUM(F9:F15) -> 1750 | G16: =SUM(G9:G15) -> 1553.82 | H16: 256.56
F17: Receita | G17: Despesa | H17: Saldo a Transportar
A19: Conciliação Bancária | F19: Saldo no Extrato: | H19: 256.56
A20: Conta:
A21: Cheques emitidos e não processados no mês
A22: Cheque nº | B22: Valor
E23: Taquarituba, 05 de outubro de 2020
D26: Entidade: | E26: =B5 -> COMUNIDADE CASA ESPERANÇA E VIDA - CCEV
D28: Assinatura
E29: Soledade do C.Macedo dos Santos
A30: Total | B30: =SUM(B23:B29) -> 0 | E30: Coordenadora da Entidade

Sheet Outubro
A5: Entidade: | B5: =Janeiro!B5 -> COMUNIDADE CASA ESPERANÇA E VIDA - CCEV | F5: SUBVENÇAO - LEI 1810 de 06/12/2019
A6: Mês de Referência | C6: OUTUBRO | F6: Recurso: | G6: =Janeiro!G6 -> MUNICIPAL
F7: Ano: | G7: 2020
A8: Dia / Mês | B8: Credor | C8: CNPJ | D8: Discriminação | E8: Documento NF / RPA | F8: Valor Receita | G8: Valor Despesa | H8: Saldo | I8: Nº Cheque
A9: 44106 | B9: Saldo do mês anterior | H9: 256.56
A10: 44106 | B10: Encargos sociais- INSS | C10: MPAS | D10: 44044 | G10: 170 | H10: 86.56 | I10: 850870
A11: 44117 | B11: Transferencia de recursos referente ao mês de setembro/2020 | F11: 1750 | H11: 1836.56
A12: 44118 | B12: Energia Elétrica | C12: 53.859112/0001-69 | D12: ref.aos meses:09e10/20 | G12: 56.14 | H12: 1780.42 | I12: 850876
A13: 44118 | B13: Encargos sociais- INSS | C13: MPAS | D13: 44075 | G13: 170 | H13: 1610.42 | I13: 850877
A14: 44119 | B14: Psicologa | C14: 302.596.388/38 | D14: 44075 | E14: 232 | G14: 500 | H14: 1110.42 | I14: 850878
A15: 44119 | B15: Faxineira | C15: 268.948.768-35 | D15: 44075 | E15: 233 | G15: 180 | H15: 930.42 | I15: 850879
A16: 44119 | B16: Txfiber Telecom | C16: 04.667.117/0001-02 | D16: 44105 | E16: 19/603873 | G16: 44.9 | H16: 885.52 | I16: 850880
A17: 44131 | B17: Aluguel Casa Entidade | C17: 095.795.328-34 | D17: 44075 | G17: 780 | H17: 105.52 | I17: 850875
A18: 44131 | B18: Sabesp | C18: 43.776.517/0001-80 | D18: 44105 | G18: 49.03 | H18: 56.49 | I18: 850881
A19: TOTAL | B19: *** | C19: *** | D19: TOTAL NO MÊS | F19: =SUM(F9:F18) -> 1750 | G19: =SUM(G9:G18) -> 1950.07
F20: Receita | G20: Despesa | H20: Saldo a Transportar
A22: Conciliação Bancária | F22: Saldo no Extrato: | H22: 56.49
A23: Conta:
A24: Cheques emitidos e não processados no mês
A25: Cheque nº | B25: Valor
E26: Taquarituba, 03 de novembro de 2020
D28: Entidade: | E28: =B5 -> COMUNIDADE CASA ESPERANÇA E VIDA - CCEV
D31: Assinatura
E32: Soledade do C.Macedo dos Santos
A33: Total | B33: =SUM(B26:B32) -> 0 | E33: Coordenadora da Entidade

Sheet Novembro
A5: Entidade: | B5: =Janeiro!B5 -> COMUNIDADE CASA ESPERANÇA E VIDA - CCEV | F5: SUBVENÇAO - LEI 1810 de 06/12/2019
A6: Mês de Referência | C6: NOVEMBRO | F6: Recurso: | G6: =Janeiro!G6 -> MUNICIPAL
F7: Ano: | G7: 2020
A8: Dia / Mês | B8: Credor | C8: CNPJ | D8: Discriminação | E8: Documento NF / RPA | F8: Valor Receita | G8: Valor Despesa | H8: Saldo | I8: Nº Cheque
A9: 44138 | B9: Saldo do mês anterior | H9: 56.49
A10: 44141 | B10: Transferencia de recursos referente ao mês de outubro/2020 | F10: 1750 | H10: 1806.49
A11: 44147 | B11: Faxineira- Fátima | C11: 268.948.768-35 | D11: 44105 | E11: 233 | G11: 180 | H11: 1626.49 | I11: 850885
A12: 44148 | B12: Psicologa | C12: 302.596.388/38 | D12: 44105 | E12: 233 | G12: 500 | H12: 1126.49 | I12: 850882
A13: 44148 | B13: Txfiber Telecom | C13: 04.667.117/0001-02 | D13: 44136 | E13: 19/603872-5 | G13: 44.9 | H13: 1081.59 | I13: 850883
A14: 44148 | B14: Encargos sociais- INSS | C14: MPAS | D14: 44105 | G14: 170 | H14: 911.59 | I14: 850884
A15: 44153 | B15: despesas com escritório | C15: pago equivocadamente | G15: 150 | H15: 761.59 | I15: 850886
A16: 44162 | B16: Sabesp | C16: 43.776.517.0531/19 | D16: 44136 | G16: 49.03 | H16: 712.56 | I16: 850887
A17: TOTAL | B17: *** | C17: *** | D17: TOTAL NO MÊS | F17: =SUM(F9:F16) -> 1750 | G17: =SUM(G9:G16) -> 1093.93 | H17: 712.56
F18: Receita | G18: Despesa | H18: Saldo a Transportar
A20: Conciliação Bancária | F20: Saldo no Extrato: | H20: 712.56
A21: Conta:
A22: Cheques emitidos e não processados no mês
A23: Cheque nº | B23: Valor
E24: Taquarituba, 01 de dezembro de 2020
D28: Entidade: | E28: =B5 -> COMUNIDADE CASA ESPERANÇA E VIDA - CCEV
D31: Assinatura
A32: Total | B32: =SUM(B24:B31) -> 0 | E32: Soledade do C.Macedo dos Santos
E33: Coordenadora da Entidade

Sheet Dezembro
A6: Entidade: | B6: =Janeiro!B5 -> COMUNIDADE CASA ESPERANÇA E VIDA - CCEV | F6: SUBVENÇAO - LEI 1810 de 06/12/2019
A7: Mês de Referência | C7: DEZEMBRO | F7: Recurso: | G7: =Janeiro!G6 -> MUNICIPAL
F8: Ano: | G8: 2020
A9: Dia / Mês | B9: Credor | C9: CNPJ | D9: Discriminação | E9: Documento NF / RPA | F9: Valor Receita | G9: Valor Despesa | H9: Saldo | I9: Nº Cheque
A10: 40878 | B10: Saldo do mês anterior | H10: 712.56
A11: 44532 | B11: Tar.manutenção conta ativa | G11: 54.95 | H11: 657.61
A12: 44534 | B12: Dep.cheque, tendo em vista ter pago equivocadamente o escritório | F12: 150 | H12: 807.61
A13: 44534 | B13: Aluguel Casa Entidade | C13: 095.795.328-34 | D13: 44105 | G13: 780 | H13: 27.61 | I13: 850888
A14: 44537 | B14: tarifa de fornec.de cheque | G14: 27.61
A15: 44175 | B15: Transferencia de recursos referente ao mês de novembro | D15: 44136 | F15: 1750 | H15: 1750
A16: 44540 | B16: tarifa de fornec.de cheque | G16: 7.39 | H16: 1742.31
A17: 44540 | B17: Tarifa de processamento de cheque | G17: 4.8 | H17: 1737.81
A18: 44545 | B18: Tarifa de processamento de cheque - Estorno cobrança de 07/12/20 | F18: 27.61 | H18: 1765.42
A19: 44545 | B19: Tarifa de processamento de cheque - Estorno cobrança de 10/12/20 | F19: 7.39 | H19: 1772.81
A20: 44545 | B20: Tar.manutenção conta ativa - Estorno cobrança de 02/12/20 | F20: 54.95 | H20: 1827.76
A21: 44545 | B21: Tarifa processamento de cheque - Estorno cobrança de 02/12/20 | F21: 4.8 | H21: 1832.56
A22: 44180 | B22: Txfiber Telecom | C22: 04.667.117/0001-02 | D22: 44166 | E22: 19/603871-7 | G22: 44.9 | H22: 1787.66 | I22: 850889
A23: 44545 | B23: Encargos sociais- INSS | C23: MPAS | D23: 44136 | G23: 170 | H23: 1617.66 | I23: 850891
A24: 44545 | B24: Energia Elétrica | C24: 53.859112/0001-69 | D24: ref.aos meses:11e12/20 | G24: 57.09 | H24: 1560.57 | I24: 850892
A25: 44551 | B25: Transferencia de recursos referente ao mês de Dezembro | D25: 44166 | F25: 1750 | H25: 3310.57
A26: 44552 | B26: Aluguel Casa Entidade | C26: 095.795.328-34 | D26: 44136 | G26: 780 | H26: 2530.57 | I26: 850890
A27: 44552 | B27: Faxineira | C27: 268.948.768-35 | D27: 44136 | E27: 233 | G27: 180 | H27: 2350.26 | I27: 850893
A28: 44552 | B28: Aluguel Casa Entidade | C28: 095.795.328-34 | D28: 44166 | G28: 780 | H28: 1570.57 | I28: 850895
A29: 44552 | B29: Faxineira | C29: 268.948.768-35 | D29: 44166 | E29: 221 | G29: 180 | H29: 1390.57 | I29: 850896
A30: 44552 | B30: Encargos sociais- INSS | C30: MPAS | D30: 44166 | E30: 234 | G30: 170 | H30: 1220.57 | I30: 850897
A31: 44552 | B31: Psicologa | C31: 302.596.388/38 | D31: 44136 | E31: 233 | G31: 500 | H31: 720.57 | I31: 850898
A32: 44552 | B32: Psicologa | C32: 302.596.388/38 | D32: 44166 | E32: 234 | G32: 500 | H32: 220.57 | I32: 850899
A33: 44552 | B33: Mei Mei Papelaria Ltda | C33: 67.859.413/0001-05 | D33: 44166 | E33: 000.006.340 | G33: 171.54 | H33: 49.03 | I33: 850900
A34: TOTAL | B34: *** | C34: *** | D34: TOTAL NO MÊS | F34: 3744.75 | G34: 4408.28 | H34: 49.03
F35: Receita | G35: Despesa | H35: Saldo a Transportar
A38: Conciliação Bancária | F38: Saldo no Extrato: | H38: 49.03
A39: Conta:
A41: Cheques emitidos e não processados no mês | E41: Taquarituba 11 de janeiro de 2021
A42: Cheque nº | B42: Valor
A43: 850894 | B43: 49.03
D44: Entidade: | E44: =B6 -> COMUNIDADE CASA ESPERANÇA E VIDA - CCEV
D46: Assinatura
E47: Soledade do C.Macedo dos Santos
A48: Total | B48: =SUM(B43:B47) -> 49.03 | E48: Coordenadora da Entidade
